 Dungeon Crawl Stone Soup version 0.31-a0-496-g6f97920a28 (webtiles) character file.

Game seed: 8598835912598804626

937 CraigForest the Skirmisher (level 8, -9/55 HPs)
             Began as a Formicid Hunter on Aug 8, 2023.
             Was a Follower of Hepliaklqana.
             Killed from afar by an orc wizard (10 damage)
             ... with a puff of flame
             ... on level 6 of the Dungeon.
             The game lasted 00:12:01 (4478 turns).

CraigForest the Skirmisher (Formicid Hunter)        Turns: 4478, Time: 00:12:04

Health: -9/55      AC:  5    Str: 15    XL:     8   Next: 34%
Magic:  8/8        EV: 12    Int: 10    God:    Hepliaklqana [*.....]
Gold:   205        SH:  0    Dex: 19    Spells: 7/7 levels left

rFire   . . .        a - +0 shortbow
rCold   . . .        (no shield)
rNeg    . . .        i - +0 ring mail
rPois   .            (helmet unavailable)
rElec   .            (no cloak)
rCorr   .            (no gloves)
SInv    +            (no boots)
Will    .....        (no amulet)
Stlth   +            (no ring)
HPRegen 0.29/turn    (no ring)
MPRegen 0.11/turn

%: no passive effects
@: lethally poisoned (-9 -> -10), marked
A: reduced essence, permanent stasis, dig shafts and tunnels, antennae 3, four
strong arms
a: Dig, Shaft Self, Renounce Religion, Recall Ancestor, Ancestor Identity


You were on level 6 of the Dungeon.
You worshipped Hepliaklqana.
Hepliaklqana was aware of your devotion.
You visited 2 branches of the dungeon, and saw 7 of its levels.

You collected 205 gold pieces.

Inventory:

Hand Weapons
 a - a +0 shortbow (weapon)
 z - a +0 long sword
Missiles
 r - 16 poisoned darts
Armour
 c - a +0 leather armour
 i - a +0 ring mail (worn)
Talismans
 j - a beast talisman
 u - a maw talisman
Wands
 v - a wand of iceblast (11)
Scrolls
 b - a scroll of butterflies
 d - 5 scrolls of identify
 e - 2 scrolls of fog {unknown}
 f - a scroll of fear {unknown}
 l - 2 scrolls of revelation {unknown}
 m - a scroll of blinking {unknown}
 q - a scroll of torment {unknown}
 s - a scroll of poison {unknown}
 t - a scroll of teleportation {unknown}
 w - 2 scrolls of noise {unknown}
 y - a scroll of summoning {unknown}
 A - a scroll of silence {unknown}
 B - a scroll of enchant armour {unknown}
Potions
 g - 2 potions of curing
 h - 4 potions of heal wounds
 k - 2 potions of haste
 n - a potion of brilliance {unknown}
 o - a potion of might {unknown}
 p - a potion of ambrosia {unknown}
 x - a potion of invisibility {unknown}


   Skills:
 + Level 5.0 Fighting
 + Level 8.0 Ranged Weapons
 + Level 3.1 Armour
 + Level 2.8 Dodging
 + Level 1.5 Stealth


You had 7 spell levels left.
You didn't know any spells.
Your spell library contained the following spells:

 Spells                   Type           Power      Damage    Failure   Level
 Apportation              Tloc           0%         N/A       58%         1
 Necrotise                Necr           0%         1d4       58%         1
 Summon Small Mammal      Summ           0%         N/A       58%         1
 Cigotuvi's Dreadful Rot  Necr/Pois/Air  0%         N/A       73%         2
 Hailstorm                Conj/Ice       0%         3d3       91%         3
 Ignite Poison            Fire/Tmut/Pois 0%         N/A       91%         3
 Summon Ice Beast         Ice/Summ       0%         N/A       100%        4
 Freezing Cloud           Conj/Ice/Air   0%         6-21      100%        5
 Simulacrum               Ice/Necr       0%         N/A       100%        6


Dungeon Overview and Level Annotations

Branches:
Dungeon (6/15)             Temple (1/1) D:4

Altars:
Cheibriados
Dithmenos
Elyvilon
Gozag
Hepliaklqana
Kikubaaqudgha
Makhleb
Nemelex Xobeh
Okawaru
Qazlal
Sif Muna
Trog
Vehumet
Wu Jian
Zin
The Shining One

Annotations:
D:6 Dowan, Pikel


Innate Abilities, Weirdness & Mutations

Your life essence is reduced to manifest your ancestor. (-10% HP)
You cannot be hasted, slowed, berserked, paralysed or teleported.
You can dig through walls and to a lower floor.
You have a pair of large antennae on your head. (SInv)
Your four strong arms can wield two-handed weapons with a shield.


Message History

A lemure comes into view.
You feel very sick.
You swap places.
A kobold comes into view. It is wielding a +0 whip.
You feel very sick. The orc misses you. The orc attacks as you move away!
The orc barely misses you.
You feel sick.
Pikel hits you with a +1 whip of flaming!
* * * LOW HITPOINT WARNING * * *
Pikel burns you.
* * * LOW HITPOINT WARNING * * *
Nkonkoni hits the kobold brigand.
The lemure barely misses you.
The howler monkey hoots and howls with incredible vigour!
You feel sick.
Nkonkoni hits the kobold brigand.
Dowan gestures at you while chanting.
The puff of flame hits Nkonkoni.
Nkonkoni resists.
The lemure attacks as you move away! The lemure barely misses you.
You feel sick. The howler monkey hits you.
* * * LOW HITPOINT WARNING * * *
Nkonkoni hits the kobold brigand.
The kobold throws a stone.
The stone closely misses the orc wizard.
The stone barely misses you. The orc closely misses you.
The orc attacks as you move away! The orc hits you with a +0 whip.
* * * LOW HITPOINT WARNING * * *
The lemure attacks as you move away! The lemure hits you but does no damage.
* * * LOW HITPOINT WARNING * * *
You feel sick.
* * * LOW HITPOINT WARNING * * *
You feel sick.
The orc wizard hits you with a +0 dagger.
* * * LOW HITPOINT WARNING * * *
The howler monkey barely misses you.
The howler monkey attacks as you move away!
The howler monkey barely misses you.
* * * LOW HITPOINT WARNING * * *
You feel sick.
Something hits Nkonkoni.
The orc wizard gestures at you while chanting.
The puff of flame hits you!
You die...

............#
............#
.....##.....#
#########.....##########
.......##.....##.........
.......##.....##.........
.......#.....<...........
.......#...............#
.......#........@......##.
.......##[....##.......'..
.......##.....##hoK....#
..............##5o5....##.
..o...........{.K5........
{..o........K..R.5........
{.{o...##.....##..........
.{.....#########e.........
{......# .... #.......##.


You could see the friendly Nkonkoni the ancestor, Pikel, a kobold brigand (ally
target), 4 lemures, Dowan, a howler monkey, an orc wizard (invisible) and an
orc.

Vanquished Creatures
  An ice beast (D:6)
  2 ogres
  A phantom (D:5)
  2 scorpions (D:5)
  2 hounds (D:4)
  A jelly (D:5)
  Jessica (D:2)
  4 iguanas
  7 adders
  A shadow imp (D:5)
  A white imp (D:4)
  A worm (D:2)
  4 dart slugs (D:1)
  7 orcs
  7 endoplasms
  A giant cockroach (D:1)
  4 goblins
  6 hobgoblins
  4 jackals
  A quokka (D:5)
  5 ball pythons
  5 bats
  5 frilled lizards
  10 kobolds
  3 rats
86 creatures vanquished.

Vanquished Creatures (collateral kills)
  A black bear (D:5)
  A hound (D:6)
2 creatures vanquished.

Grand Total: 88 creatures vanquished

Notes
Turn   | Place    | Note
-------+----------+-------------------------------------------
     0 | D:1      | CraigForest the Formicid Hunter began the quest for the
                  | Orb.
     0 | D:1      | Reached XP level 1. HP: 16/16 MP: 1/1
   166 | D:1      | Reached XP level 2. HP: 23/23 MP: 2/2
   402 | D:1      | Reached XP level 3. HP: 27/28 MP: 3/3
  1188 | D:2      | Noticed Jessica
  1197 | D:2      | Killed Jessica
  1198 | D:2      | Reached skill level 5 in Ranged Weapons
  1198 | D:2      | Reached skill level 1 in Armour
  1198 | D:2      | Reached XP level 4. HP: 28/34 MP: 4/4
  1589 | D:3      | Reached XP level 5. HP: 41/41 MP: 5/5
  2050 | D:4      | Noticed an ogre
  2060 | D:4      | Killed an ogre
  2061 | D:4      | Reached XP level 6. HP: 11/47 MP: 6/6
  2065 | D:4      | Found a staircase to the Ecumenical Temple.
  2073 | D:4      | Reached skill level 6 in Ranged Weapons
  2083 | Temple   | Entered the Ecumenical Temple
  2108 | Temple   | Became a worshipper of Hepliaklqana the Forgotten
  3061 | D:5      | Entered Level 5 of the Dungeon
  3268 | D:5      | Reached XP level 7. HP: 39/54 MP: 7/7
  3482 | D:5      | Reached skill level 7 in Ranged Weapons
  3499 | D:5      | Reached * piety under Hepliaklqana
  3599 | D:5      | Reached XP level 8. HP: 54/54 MP: 8/8
  4005 | D:6      | Reached skill level 5 in Fighting
  4005 | D:6      | Reached skill level 8 in Ranged Weapons
  4466 | D:6      | Noticed Pikel
  4467 | D:6      | Noticed Dowan
  4477 | D:6      | HP: 2/55 [orc wizard/+0 dagger (1)]
  4478 | D:6      | Killed from afar by an orc wizard

Illustrated notes

Levels and vault maps discovered:
D:1:      heliophobic_arrival_henge, layout_basic
D:2:      layout_loops_ring, uniq_jessica
D:3:      layout_rooms, kennysheep_minor_cross
D:4:      layout_layer_cave, minmay_temple_entry_sparse_star
D:5:      layout_rooms
D:6:      layout_gridville, led_xom_imps, uniq_duvessa, uniq_pikel
Temple:   regret_index_temple_sphere_string

Skill      XL: |  1  2  3  4  5  6  7  8 |
---------------+-------------------------+-----
Ranged Weapons | 5 6 7 8 |  8.0
Armour         | 1 2 3 |  3.1
Fighting       | 3 4 5 |  5.0
Dodging        | 2 |  2.8
Stealth        | |  1.5

Action                     |  1- 3 |  4- 6 |  7- 9 || total
---------------------------+-------+-------+-------++-------
   Fire: Shortbow          |    79 |   160 |    89 ||   328
Ability: Dig               |       |     1 |     2 ||     3
    Use: Scroll            |       |     2 |       ||     2
         Potion            |       |     2 |       ||     2
 Armour: Leather armour    |     5 |       |       ||     5
         Ring mail         |     4 |    33 |     4 ||    41
  Dodge: Dodged            |    12 |    71 |    32 ||   115

Table legend: (Time is in decaauts)
 A = Elapsed time spent in this place.
 B = Non-inter-level travel time spent in this place.
 C = Inter-level travel time spent in this place.
 D = Time resting spent in this place.
 E = Time spent auto-exploring this place.
 F = Levels seen in this place.
 G = Mean time per level.
                   A        B        C        D        E       F      G
               +--------+--------+--------+--------+--------+-----+--------+
         Total |   4547 |   4448 |     99 |    527 |   3035 |   7 |  649.6 |
       Dungeon |   4496 |   4422 |     74 |    527 |   3035 |   6 |  749.3 |
        Temple |     50 |     25 |     25 |      0 |      0 |   1 |   50.0 |
               +--------+--------+--------+--------+--------+-----+--------+

Top non-repeatable levels by time:
     D:4: 1201 daAuts
     D:1: 897 daAuts
     D:5: 824 daAuts
     D:2: 609 daAuts
     D:3: 529 daAuts
     D:6: 434 daAuts
  Temple: 50 daAuts
